 Dungeon Crawl Stone Soup version 0.28.0-53-g5a82cb258f (webtiles) character file.

Game seed: 1383815480860760822

298 Zeld the Changer (level 6, -3/51 HPs)
             Began as a Draconian Transmuter on June 5, 2022.
             Was an Initiate of Gozag.
             Slain by an ogre
             ... wielding a +0 giant club
              (17 damage)
             ... on level 4 of the Dungeon.
             The game lasted 00:02:49 (3761 turns).

Zeld the Changer (Draconian Transmuter)             Turns: 3761, Time: 00:02:50

Health: -3/51      AC:  8    Str: 14    XL:     6   Next: 13%
Magic:  10/10      EV: 12    Int: 13    God:    Gozag
Gold:   51         SH:  0    Dex: 12    Spells: 1/11 levels left

rFire   . . .      SeeInvis .   a - +5 war axe (vorpal)
rCold   . . .      Faith    .   (no shield)
rNeg    . . .      Spirit   .   (armour unavailable)
rPois   .          Reflect  .   (helmet restricted)
rElec   .          Harm     .   j - +0 cloak
rCorr   .          Rampage  .   l - +0 pair of gloves
Will    .....                   (no boots)
Stlth   +.........              (no amulet)
HPRegen 0.17/turn               (no ring)
MPRegen 0.12/turn               (no ring)

@: gold aura
A: AC +6, unfitting armour, cold-blooded
a: Renounce Religion, Potion Petition, Call Merchant, Bribe Branch


You were on level 4 of the Dungeon.
You worshipped Gozag.
Gozag was noncommittal.
You visited 2 branches of the dungeon, and saw 5 of its levels.

You collected 148 gold pieces.
You spent 45 gold pieces at shops.
You paid 52 gold pieces to Gozag.

Inventory:

Hand Weapons
 a - a +5 vorpal war axe (weapon)
Armour
 j - a +0 cloak (worn)
 l - a +0 pair of gloves (worn)
Scrolls
 c - 2 scrolls of identify {unknown}
 g - a scroll of teleportation {unknown}
 k - a scroll of magic mapping {unknown}
 n - a scroll of brand weapon {unknown}
 p - a scroll of fog {unknown}
Potions
 b - a potion of flight {unknown}
 d - a potion of brilliance {unknown}
 e - 2 potions of mutation {unknown}
 f - a potion of cancellation {unknown}
 h - a potion of resistance {unknown}
 i - a potion of haste {unknown}
 m - 2 potions of heal wounds {unknown}
 o - a potion of might {unknown}


   Skills:
 + Level 3.4 Fighting
 - Level 1.7 Dodging
 - Level 3.0 Unarmed Combat
 * Level 3.3 Spellcasting
 * Level 3.6 Transmutations
 - Level 2.0 Ice Magic
 - Level 2.0 Poison Magic


You had one spell level left.
You knew the following spells:

 Your Spells              Type           Power      Damage    Failure   Level
a - Beastly Appendage     Tmut           22%        N/A       4%          1
b - Wereblood             Tmut           11%        N/A       8%          2
c - Spider Form           Tmut/Pois      9%         N/A       22%         3
d - Ice Form              Ice/Tmut       9%         N/A       56%         4

Your spell library contained the following spells:

 Spells                   Type           Power      Damage    Failure   Level


Dungeon Overview and Level Annotations

Branches:
Dungeon (4/15)             Temple (1/1) D:4

Altars:
Cheibriados
Fedhas
Gozag
Hepliaklqana
Kikubaaqudgha
Makhleb
Okawaru
Uskayaw
Xom
Yredelemnul
Zin
The Shining One

Shops:
D:3 [


Innate Abilities, Weirdness & Mutations

Your plain brown scales are hard. (AC +6)
You cannot fit into any form of body armour.
You are cold-blooded and may be slowed by cold attacks.


Message History

Done exploring.
Done exploring.
There's nothing to open nearby.
There is a fountain of clear blue water here.
There is a fountain of clear blue water here.
There is a hazy altar of Hepliaklqana here.
There is an open gate here.
There is a staircase back to the Dungeon here.
You climb upwards.
Welcome back to the Dungeon!
There is a staircase to the Ecumenical Temple here.
There is an open door here.
You see here a +0 hand axe.
Found a stone staircase leading down.
There is a stone staircase leading down here.
Found 22 bolts.
Found 26 stones.
Found an escape hatch in the ceiling.
No target in view!
An ogre comes into view. It is wielding a +0 giant club.
An endoplasm comes into view.
Found 13 gold pieces.
There are monsters nearby!
There are monsters nearby!
The endoplasm quivers.
The ogre shouts!
The ogre hits you with a +0 giant club!
You hit the endoplasm.
Your tail-slap misses the endoplasm.
The endoplasm is almost dead.
You hit the ogre. The endoplasm closely misses you.
The endoplasm completely misses you. The ogre closely misses you.
You hit the endoplasm.
You kill the endoplasm!
You slash the ogre!
The ogre hits you with a +0 giant club!!
* * * LOW HITPOINT WARNING * * *
The ogre closely misses you.
You see here 5 gold pieces.
The ogre hits you with a +0 giant club!
You die...
Your body crumbles into a pile of gold.

.# ##.# #..#
###########..# #
##.....##..<..## .#
##..............###.#
#.........$.........#
#................##
#......@.........#
#.....O.....(....#
#..$$......(.....#
#................#######
##......................
##.....##.....########.
############## ##


You could see an ogre.

Vanquished Creatures
  A scorpion (D:3)
  An orc priest (D:3)
  A hound (D:3)
  An iguana (D:3)
  2 orc wizards (D:4)
  A howler monkey skeleton (D:4)
  3 adders
  An ufetubus (D:4)
  8 orcs
  4 ball pythons
  4 bats
  7 endoplasms
  4 giant cockroaches
  3 goblins
  5 hobgoblins
  3 jackals (D:1)
  4 kobolds
  3 frilled lizards
  2 rats
58 creatures vanquished.

Notes
Turn   | Place    | Note
-------+----------+-------------------------------------------
     0 | D:1      | Zeld the Draconian Transmuter began the quest for the Orb.
     0 | D:1      | Reached XP level 1. HP: 16/16 MP: 3/3
   319 | D:1      | Reached XP level 2. HP: 22/23 MP: 5/5
   322 | D:1      | Learned a level 2 spell: Wereblood
   463 | D:1      | Found a faded altar of an unknown god.
   645 | D:1      | Reached skill level 1 in Poison Magic
   921 | D:1      | Reached skill level 1 in Ice Magic
  1314 | D:2      | Reached XP level 3. HP: 20/28 MP: 6/6
  1333 | D:2      | Learned a level 3 spell: Spider Form
  2176 | D:3      | Found Teloore's Armour Boutique.
  2209 | D:3      | Bought a +0 pair of gloves for 45 gold pieces
  2321 | D:3      | Reached XP level 4. HP: 3/36 MP: 7/7
  2937 | D:4      | Noticed a scorpion
  2956 | D:3      | Killed a scorpion
  2957 | D:3      | Reached XP level 5. HP: 34/44 MP: 7/9
  3349 | D:4      | Reached XP level 6. HP: 36/51 MP: 10/10
  3441 | D:4      | Learned a level 4 spell: Ice Form
  3466 | D:4      | Found a glowing silver altar of Zin.
  3503 | D:4      | Found a staircase to the Ecumenical Temple.
  3551 | D:4      | Found a burning altar of Makhleb.
  3590 | Temple   | Entered the Ecumenical Temple
  3625 | Temple   | Became a worshipper of Gozag Ym Sagoz the Greedy
  3761 | D:4      | Slain by an ogre

Illustrated notes

Levels and vault maps discovered:
D:1:      onia_arrival_pyramid, layout_basic,
          hellmonk_ecumenical_altar_leap_of_faith, minivault_11
D:2:      layout_rooms
D:3:      layout_loops_cross, serial_shops, nicolae_shop_hallway_stairs
D:4:      layout_rooms, mainiacjoe_overflow_tiny_flanked, zin_scriptorium,
          mainiacjoe_overflow_alcove_1, minmay_temple_entry_fiery,
          hangedman_decor_riveting, minmay_checkerbox
Temple:   cyrus_temple_forest

Skill      XL: |  1  2  3  4  5 |
---------------+----------------+-----
Poison Magic   | 1 2 |  2.0
Ice Magic      | 1 2 |  2.0
Fighting       | 2 3 |  3.4
Transmutations | 3 |  3.6
Spellcasting   | 3 |  3.3
Dodging        | |  1.7
Unarmed Combat | |  3.0

Action                   |  1- 3 |  4- 6 || total
-------------------------+-------+-------++-------
Melee: Unarmed           |    11 |       ||    11
       Dagger            |   112 |    40 ||   152
       Tailslap          |    17 |     7 ||    24
       Headbutt          |     3 |       ||     3
       Kick              |     1 |       ||     1
       Punch             |     2 |       ||     2
       War axe           |       |     9 ||     9
 Cast: Beastly Appendage |     6 |       ||     6
Armor: Skin              |    42 |    32 ||    74
Dodge: Dodged            |    95 |    46 ||   141
